 Dungeon Crawl Stone Soup version 0.18.1-50-g88ac8fd (webtiles) character file.

18389 Peloso the Blocker (level 12, 0/108 HPs)
             Began as a Minotaur Fighter on Oct 7, 2016.
             Was a High Priest of Okawaru.
             Slain by a vampire (3 damage)
             ... while paralysed by Rupert
             ... on level 12 of the Dungeon.
             The game lasted 00:31:51 (10601 turns).

Peloso the Blocker (Minotaur Fighter)              Turns: 10601, Time: 00:31:52

Health: 0/108      AC: 21    Str: 26    XL:     12   Next: 27%
Magic:  12/12      EV:  2    Int:  7    God:    Okawaru [*****.]
Gold:   654        SH:  0    Dex: 13    Spells: 0 memorised, 11 levels left

rFire  x . .     SeeInvis .     U - +3 double sword (slice)
rCold  + . .     Gourm    +     n - +2 plate armour {MR+}
rNeg   . . .     Faith    .     c - +0 shield
rPois  .         Spirit   .     u - +1 hat
rElec  .         Dismiss  .     (no cloak)
rCorr  .         Reflect  .     w - +0 pair of gloves
SustAt .         Harm     .     l - +0 pair of boots
MR     +....                    O - amulet of the gourmand
Stlth  ..........               y - ring of ice
                                o - +3 ring of strength

@: paralysed, somewhat resistant to hostile enchantments, extremely unstealthy
A: retaliatory headbutt, horns 2, clever 1
a: Heroism, Finesse, Renounce Religion


You were on level 12 of the Dungeon.
You worshipped Okawaru.
Okawaru was extremely pleased with you.
You were very full.

You visited 2 branches of the dungeon, and saw 13 of its levels.
You also visited: Bailey.

You collected 745 gold pieces.
You spent 91 gold pieces at shops.

Inventory:

Hand Weapons
 A - a +2 long sword
 U - a +3 double sword of slicing (weapon)
Armour
 c - a +0 shield (worn)
 l - a +0 pair of boots (worn)
 n - a +2 plate armour of magic resistance (worn)
 u - a +1 hat (worn)
 w - a +0 pair of gloves (worn)
Jewellery
 j - an uncursed ring of fire
 k - a +3 ring of dexterity
 o - a +3 ring of strength (left hand)
 y - a ring of ice (right hand)
 J - an uncursed ring of magical power
 N - an uncursed ring of magical power
 O - an amulet of the gourmand (around neck)
 P - a +5 ring of dexterity
Wands
 t - a wand of polymorph (12/24)
 z - a wand of slowing (33/48)
 D - a wand of iceblast (6/15)
 G - a wand of disintegration (9/24)
 H - a wand of random effects (23/48)
Scrolls
 b - a scroll of identify
 h - 3 scrolls of magic mapping
 i - 4 scrolls of teleportation
 v - 4 scrolls of blinking
 L - 2 scrolls of amnesia
 Q - a scroll of recharging
 T - a scroll of remove curse
Potions
 a - a potion of flight {unknown}
 d - a potion of beneficial mutation
 e - a potion of cancellation
 g - a potion of magic
 m - 4 potions of heal wounds
 q - 3 potions of haste
 r - 4 potions of cure mutation
 s - 2 potions of agility
 E - 6 potions of curing
 M - a potion of resistance {unknown}
 R - a potion of lignification {unknown}
Books
 p - a book of Enchantments

   Spells                             Type                      Level
   a - Cause Fear                     Hexes                        4
   b - Yara's Violent Unravelling     Hexes/Transmutation          5
   c - Silence                        Hexes/Air                    5
   d - Deflect Missiles               Charms/Air                   6
   e - Haste                          Charms                       6
   f - Discord                        Hexes                        8
 S - a book of Ice

   Spells                             Type                      Level
   a - Ice Form                       Ice/Transmutation            4
   b - Metabolic Englaciation         Hexes/Ice                    5
   c - Ozocubu's Refrigeration        Ice                          6
   d - Bolt of Cold                   Conjuration/Ice              6
   e - Freezing Cloud                 Conjuration/Ice/Air          6
   f - Simulacrum                     Ice/Necromancy               6
Comestibles
 f - 9 bread rations
 x - 3 meat rations
 B - 3 fruits
 C - 3 slices of pizza
 F - a royal jelly
 K - 7 beef jerkies


   Skills:
 + Level 10.6 Fighting
 + Level 12.7 Long Blades
 + Level 11.9 Armour
 + Level 5.1 Dodging
 + Level 0.1 Stealth
 + Level 12.7 Shields
 + Level 1.6 Invocations
 + Level 1.0 Evocations


You had 11 spell levels left.
You didn't know any spells.

Dungeon Overview and Level Annotations

Branches:
Dungeon (12/15)            Temple (1/1) D:5            Lair (0/8) D:11
    Orc (0/2) D:11

Altars:
Elyvilon
Fedhas
Gozag
Kikubaaqudgha
Makhleb
Okawaru
Pakellas
Qazlal
Sif Muna
Trog
Vehumet
Zin
The Shining One

Shops:
D:4 =   D:6 *

Annotations:
D:12 Rupert


Innate Abilities, Weirdness & Mutations

You reflexively headbutt those who attack you in melee.
You have a pair of horns on your head.
Your mind is acute. (Int +2)


Message History

A vampire is nearby!
A vampire is nearby!
Rupert the Wild comes into view.
He is wielding an executioner's axe of flaming.
Rupert yells loudly at you.
You suddenly lose the ability to move!
Rupert roars madly and goes into a rage!
Rupert goes berserk!
Rupert hits you with an executioner's axe of flaming!!
Rupert burns you!!
The vampire gestures wildly while chanting.
The vampire flickers and vanishes!
Deactivating autopickup; reactivate with Ctrl-A.
Rupert hits you with an executioner's axe of flaming!
Rupert burns you.
Rupert hits you with an executioner's axe of flaming!!
* * * LOW HITPOINT WARNING * * *
Rupert burns you!
* * * LOW HITPOINT WARNING * * *
Something hits you but does no damage. Something bites you.
You die...

#.#..#.#...<........
#..................
##.................
#......##..........
##......##.........
#....#.......[......
#....##...##...(.....
##.###....###.....#..
## #.#..## #@.......
#......#.@..!.....
#.................
##.##.............
###..<...........
##.............
#..............
#..............


You could see Rupert (berserk).

Vanquished Creatures
  An orc warlord (Bailey)
  Fannar (D:11)
  The ghost of CALLOUS the Slicer, a novice HaCK of Xom (Bailey)
  An unseen horror (D:11)
  2 orc knights (Bailey)
  4 hill giants
  An ugly thing (D:11)
  Joseph (D:7)
  Psyche (D:11)
  A gargoyle (D:11)
  A kobold demonologist (D:11)
  The ghost of Rexou the Covered, an amateur HOFi (D:5)
  The ghost of ayyllmao the Chopper, an amateur HOFi (D:4)
  3 trolls
  A two-headed ogre (D:8)
  16 yaks
  A hungry ghost (D:9)
  A hippogriff (D:10)
  Menkaure (D:6)
  A water moccasin (D:11)
  5 ice beasts
  14 orc warriors
  2 black bears
  3 sky beasts
  A necrophage (D:5)
  4 phantoms
  4 centaurs
  8 ogres
  The ghost of Heatwave the Chopper, an amateur DsFi (D:3)
  Blork the orc (D:5)
  2 big kobolds
  9 giant frogs
  2 scorpions
  10 killer bees
  12 wights
  6 crimson imps
  A giant frog zombie (D:5)
  7 hounds
  3 giant frog skeletons
  A jelly (D:9)
  A quasit (D:9)
  An orc priest (D:11)
  2 centaur skeletons
  4 orc wizards
  A hell rat (D:11)
  2 worker ants
  A hound zombie (D:6)
  A howler monkey zombie (D:11)
  A worker ant zombie (D:11)
  10 adders
  18 gnolls
  A howler monkey skeleton (D:6)
  4 river rats (D:11)
  2 shadow imps
  3 oozes
  An adder skeleton (D:4)
  3 worms
  A dart slug (D:2)
  7 giant geckos
  28 orcs
  6 giant cockroaches
  22 goblins
  30 hobgoblins
  10 jackals
  16 kobolds
  4 quokkas
  6 bats
  A giant gecko skeleton (D:5)
  A giant newt (D:1)
  2 quokka zombies (D:5)
  17 rats
344 creatures vanquished.

Notes
Turn   | Place    | Note
--------------------------------------------------------------
     0 | D:1      | Peloso the Minotaur Fighter began the quest for the Orb.
     0 | D:1      | Reached XP level 1. HP: 19/19 MP: 0/0
   133 | D:1      | Reached XP level 2. HP: 22/27 MP: 1/1
   453 | D:1      | Reached XP level 3. HP: 33/33 MP: 2/2
   967 | D:2      | Reached skill level 1 in Dodging
   967 | D:2      | Reached XP level 4. HP: 31/40 MP: 3/3
  1242 | D:2      | Found an opulent altar of Gozag.
  1484 | D:3      | Noticed a moth of wrath
  1487 | D:3      | Found a bloodstained altar of Trog.
  1512 | D:3      | HP: 2/41 [worm (12)]
  1541 | D:3      | Found a blossoming altar of Fedhas.
  1541 | D:3      | Found a radiant altar of Vehumet.
  1554 | D:3      | Found a deep blue altar of Sif Muna.
  1860 | D:3      | Noticed Heatwave's ghost (amateur DsFi)
  1872 | D:3      | Killed Heatwave's ghost
  1872 | D:3      | Reached skill level 5 in Armour
  1872 | D:3      | Reached XP level 5. HP: 39/47 MP: 4/4
  1921 | D:3      | Reached skill level 5 in Shields
  1931 | D:3      | Reached XP level 6. HP: 33/53 MP: 5/5
  2320 | D:4      | Noticed ayyllmao's ghost (amateur HOFi)
  2338 | D:4      | Killed ayyllmao's ghost
  2510 | D:4      | Reached skill level 5 in Fighting
  2606 | D:4      | Found Poalafox's Jewellery Emporium.
  2609 | D:4      | Bought a cursed amulet of inaccuracy for 20 gold pieces
  2654 | D:4      | Reached XP level 7. HP: 56/61 MP: 6/6
  3082 | D:5      | Entered Level 5 of the Dungeon
  3101 | D:5      | Noticed Blork the orc
  3108 | D:5      | Killed Blork the orc
  3108 | D:5      | Reached skill level 5 in Long Blades
  3195 | D:5      | Noticed Rexou's ghost (amateur HOFi)
  3220 | D:5      | Killed Rexou's ghost
  3220 | D:5      | Reached XP level 8. HP: 38/68 MP: 7/7
  3526 | D:5      | Found a staircase to the Ecumenical Temple.
  3633 | Temple   | Entered the Ecumenical Temple
  3646 | Temple   | Became a worshipper of Warmaster Okawaru
  4286 | D:6      | Found Gituolai's General Store.
  4292 | D:6      | Bought a potion of curing for 33 gold pieces
  4292 | D:6      | Bought a scroll of magic mapping for 38 gold pieces
  4385 | D:6      | Found a glowing golden altar of the Shining One.
  4438 | D:6      | Reached * piety under Okawaru
  4505 | D:6      | Found an oddly glowing altar of Pakellas.
  4505 | D:6      | Noticed Menkaure
  4512 | D:6      | Killed Menkaure
  4518 | D:6      | Gained mutation: Your mind is acute. (Int +2) [potion of beneficial mutation]
  4788 | D:6      | Reached XP level 9. HP: 54/77 MP: 8/8
  5331 | D:7      | Found a burning altar of Makhleb.
  5440 | D:7      | Noticed Joseph
  5444 | D:7      | Found a stormy altar of Qazlal.
  5453 | D:7      | Killed Joseph
  5453 | D:7      | Reached ** piety under Okawaru
  5910 | D:8      | Found a flagged portal.
  5925 | Bailey   | Entered a bailey
  6258 | Bailey   | Noticed an orc knight
  6312 | Bailey   | Killed an orc knight
  6312 | Bailey   | Reached *** piety under Okawaru
  6403 | Bailey   | Noticed CALLOUS's ghost (novice HaCK)
  6426 | Bailey   | Killed CALLOUS's ghost
  6426 | Bailey   | Reached XP level 10. HP: 64/88 MP: 7/9
  6562 | Bailey   | Noticed an orc warlord
  6578 | Bailey   | Noticed an orc knight
  6590 | Bailey   | Killed an orc warlord
  6590 | Bailey   | Reached **** piety under Okawaru
  6590 | Bailey   | Reached skill level 10 in Long Blades
  6590 | Bailey   | Reached skill level 10 in Shields
  6602 | Bailey   | Killed an orc knight
  6602 | Bailey   | Reached skill level 10 in Armour
  6602 | Bailey   | Reached skill level 1 in Invocations
  6602 | Bailey   | Reached skill level 1 in Evocations
  7064 | D:8      | Reached ***** piety under Okawaru
  7074 | D:8      | Received a gift from Okawaru
  7101 | D:8      | Reached XP level 11. HP: 62/97 MP: 10/10
  7437 | D:8      | Received a gift from Okawaru
  7446 | D:8      | Got a faintly glowing scale mail {god gift}
  7457 | D:8      | Identified the +1 scale mail of Zuur {rF+} (Okawaru gifted it to you on level 8 of the Dungeon)
  7935 | D:9      | Found a glowing silver altar of Zin.
  7935 | D:9      | Noticed a hill giant
  7943 | D:9      | Killed a hill giant
  8573 | D:10     | Entered Level 10 of the Dungeon
  9287 | D:10     | Noticed a hill giant
  9295 | D:10     | Killed a hill giant
  9295 | D:10     | Reached skill level 10 in Fighting
  9374 | D:11     | Noticed Psyche
  9385 | D:11     | Killed Psyche
  9393 | D:11     | Found a staircase to the Orcish Mines.
  9479 | D:11     | Noticed Fannar
  9502 | D:11     | Killed Fannar
  9542 | D:11     | Noticed a hill giant
  9553 | D:11     | Killed a hill giant
  9665 | D:11     | Reached XP level 12. HP: 103/106 MP: 12/12
  9690 | D:11     | Received a gift from Okawaru
 10070 | D:11     | Reached skill level 5 in Dodging
 10089 | D:11     | Found a staircase to the Lair.
 10596 | D:12     | Noticed Rupert
 10596 | D:12     | Paralysed by Rupert for 6 turns
 10601 | D:12     | HP: 3/108 [Rupert/executioner's axe of flaming (9)]
 10601 | D:12     | Slain by a vampire

Skill      XL: |  1  2  3  4  5  6  7  8  9 10 11 12 |
---------------+-------------------------------------+-----
Fighting       | 4 5 6 8 9 10 | 10.6
Shields        | 4 5 7 8 9 10 12 | 12.7
Armour         | 4 5 6 7 9 10 11 | 11.9
Dodging        | 1 2 3 4 5 |  5.1
Long Blades    | 3 4 6 7 9 10 12 | 12.7
Invocations    | 1 |  1.6
Evocations     | 1 |  1.0
Stealth        | |  0.1

Action                   |  1- 3 |  4- 6 |  7- 9 | 10-12 || total
-------------------------+-------+-------+-------+-------++-------
Melee: Long sword        |    92 |   147 |   304 |   519 ||  1062
       Headbutt          |     8 |    37 |   102 |   151 ||   298
       Double sword      |       |       |       |    50 ||    50
Invok: Heroism           |       |       |     2 |     6 ||     8
Evoke: Wand              |       |       |     2 |       ||     2
  Use: Scroll            |       |     8 |     6 |    12 ||    26
       Potion            |       |       |     3 |     2 ||     5
  Eat: Chunk             |       |     6 |    12 |    24 ||    42
       Beef jerky        |       |       |     1 |       ||     1
       Fruit             |       |       |       |     1 ||     1
Armor: Scale mail        |    50 |    23 |       |       ||    73
       Plate armour      |       |    66 |    82 |   255 ||   403
Dodge: Dodged            |    34 |    31 |    63 |   164 ||   292
Block: Shield            |    68 |    91 |   139 |   358 ||   656
